 Dungeon Crawl Stone Soup version 0.26-a0-850-g97a50ab700 (webtiles) character file.

Game seed: 6192426538401522534

702 dickylongcocking the Changer (level 7, 0/52 HPs)
             Began as a Spriggan Venom Mage on Nov 21, 2020.
             Succumbed to Duvessa's poison
             ... on level 4 of the Dungeon.
             The game lasted 00:05:04 (5001 turns).

dickylongcocking the Changer (Spriggan Venom Mage)  Turns: 5001, Time: 00:05:04

Health: 0/52       AC: 23    Str: 10    XL:     7   Next: 38%
Magic:  3/17       EV:  4    Int: 18    God:
Gold:   99         SH:  0    Dex: 17    Spells: 7/18 levels left

rFire    . . .     SeeInvis +   f - +2 short sword (venom)
rCold    . . .     Faith    .   (shield restricted)
rNeg     + + +     Spirit   .   (armour currently unavailable)
rPois    +         Reflect  .   (helmet currently unavailable)
rElec    .         Harm     .   (cloak currently unavailable)
rCorr    +         Rampage  .   (gloves unavailable)
MR       ++...     NoTele   +   (boots unavailable)
Stlth    ++........             (no amulet)
HPRegen  0.00/turn              o - +6 ring of strength
MPRegen  0.15/turn              r - ring of resist corrosion

@: lethally poisoned (0 -> -4), tree-form, very slightly contaminated
A: very small, unfitting armour, see invisible, magic resistance 1, robust 1,
inhibited regeneration
a: no special abilities


You were on level 4 of the Dungeon.
You were a tree.
You visited 1 branch of the dungeon, and saw 4 of its levels.

You collected 99 gold pieces.

Inventory:

Hand Weapons
 c - a -3 dagger
 f - a +2 short sword of venom (weapon)
 p - a +4 whip of flaming
Armour
 a - a +0 robe (melded)
 m - a scarf of resistance (melded)
Jewellery
 o - a +6 ring of strength (left branch)
 r - a ring of resist corrosion (right branch)
Scrolls
 b - a scroll of amnesia {unknown}
 g - 6 scrolls of identify {unknown}
 h - 3 scrolls of teleportation {unknown}
 l - a scroll of blinking {unknown}
 t - a scroll of enchant armour {unknown}
 u - a scroll of enchant weapon {unknown}
Potions
 d - a potion of ambrosia {unknown}
 e - 2 potions of lignification
 k - a potion of brilliance {unknown}
 n - 3 potions of flight {unknown}
 q - a potion of degeneration {unknown}
 s - 2 potions of might {unknown}


   Skills:
 - Level 3.0 Dodging
 - Level 3.0 Stealth
 * Level 6.2 Spellcasting
 * Level 6.2 Transmutations
 * Level 5.5 Poison Magic


You had 7 spell levels left.
You knew the following spells:

 Your Spells              Type           Power        Failure   Level
a - Sting                 Tmut/Pois      ####         1%          1
b - Olgreb's Toxic Radia  Pois           ####....     12%         4
i - Ignite Poison         Fire/Tmut/Pois ###.....     7%          3
x - Mephitic Cloud        Conj/Pois/Air  ##......     17%         3

Your spell library contained the following spells:

 Spells                   Type           Power        Failure   Level
 Poisonous Vapours        Pois/Air       ###...       5%          2


Dungeon Overview and Level Annotations

Branches:
Dungeon (4/15)
 Temple: D:4-7

Altars:
Ashenzari
Elyvilon
Xom
Yredelemnul

Annotations:
D:4 Dowan


Innate Abilities, Weirdness & Mutations

You are very small and have problems with some larger weapons.
You are too small for most types of armour.
You have supernaturally acute eyesight. (SInv)
((You cover ground extremely quickly.))
((Your flesh is cold resistant. (rC+)))
You are resistant to hostile enchantments. (MR+)
You are robust. (+10% HP)
You do not regenerate when monsters are visible.


Message History

It was a potion of lignification.
You turn into a tree.
Your scarf of resistance melds into your body.
Your +0 robe melds into your body.
You feel hot and cold all over.
Your roots penetrate the ground.
Dowan barely misses you.
It was a potion of mutation.
You feel extremely strange.
You feel robust.
Your regeneration stops near monsters.
You feel resistant to cold.
You feel resistant to hostile enchantments.
Dowan hits you but does no damage. Dowan gestures at you while chanting.
The stone arrow misses you.
Unknown command.
Casting: Mephitic Cloud (dangerous; 17% risk of failure)
Confirm with . or Enter, or press ? or * to list all spells.
Aiming: Sting (safe; 1% risk of failure)
Press: ? - help, Shift-Dir - straight line, f/p - Dowan
Aim: Dowan, wielding a +0 dagger and wearing a +0 robe (fast)
The sting hits Dowan but does no damage.
Dowan is poisoned.
You die...

#####.#..........####.#######
##.....#........###....<......
##..#####............##.#######
#..## #.......#######.# #.##
#.......# #.# #.# #.......# #.#
#.# #.......# #.#
#.#####################.#
#.##..........♣e...[....#
#....####################
######


You could see Dowan (fast, poisoned).

Vanquished Creatures
  Menkaure (D:4)
  Duvessa (D:4)
  An ogre (D:4)
  A scorpion (D:4)
  A centaur skeleton (D:4)
  An orc priest (D:4)
  An iguana (D:4)
  2 worker ants (D:4)
  7 adders
  2 gnolls (D:3)
  A howler monkey skeleton (D:4)
  A shadow imp (D:3)
  2 oozes (D:1)
  4 worms
  3 dart slugs
  7 leopard geckos
  5 orcs
  2 ball pythons
  8 giant cockroaches
  10 goblins
  7 hobgoblins
  2 quokkas (D:3)
  2 bats
  7 frilled lizards
  7 kobolds
  6 rats
92 creatures vanquished.

Vanquished Creatures (others)
  2 plants (D:1)
2 creatures vanquished.

Grand Total: 94 creatures vanquished

Notes
Turn   | Place    | Note
-------+----------+-------------------------------------------
     0 | D:1      | dickylongcocking the Spriggan Venom Mage began the quest
                  | for the Orb.
     0 | D:1      | Reached XP level 1. HP: 9/9 MP: 5/5
   239 | D:1      | Reached XP level 2. HP: 12/13 MP: 1/7
   800 | D:1      | Reached XP level 3. HP: 16/16 MP: 2/8
  1732 | D:2      | Found a faded altar of an unknown god.
  1785 | D:2      | Reached XP level 4. HP: 19/21 MP: 1/10
  1991 | D:2      | Found a broken altar of Ashenzari.
  2272 | D:2      | Found a white marble altar of Elyvilon.
  2345 | D:2      | Found a basalt altar of Yredelemnul.
  3544 | D:3      | Reached XP level 5. HP: 24/24 MP: 7/12
  4059 | D:3      | Found a shimmering altar of Xom.
  4207 | D:4      | Reached skill level 5 in Spellcasting
  4207 | D:4      | Reached XP level 6. HP: 16/28 MP: 1/14
  4353 | D:4      | Reached skill level 5 in Transmutations
  4444 | D:4      | Reached skill level 5 in Poison Magic
  4604 | D:4      | Noticed Menkaure
  4637 | D:4      | Learned a level 3 spell: Mephitic Cloud
  4641 | D:4      | Learned a level 3 spell: Ignite Poison
  4722 | D:4      | Killed Menkaure
  4723 | D:4      | Reached XP level 7. HP: 21/32 MP: 4/16
  4952 | D:4      | Noticed Duvessa
  4953 | D:4      | Noticed Dowan
  4969 | D:3      | Learned a level 4 spell: Olgreb's Toxic Radiance
  4987 | D:4      | Killed Duvessa
  4998 | D:4      | HP: 1/32 [poisoned by Duvessa]
  5000 | D:4      | Gained mutation: You are robust. (+10% HP) [potion of
                  | mutation]
  5000 | D:4      | Gained mutation: You do not regenerate when monsters are
                  | visible. [potion of mutation]
  5000 | D:4      | Gained mutation: Your flesh is cold resistant. (rC+)
                  | [potion of mutation]
  5000 | D:4      | Gained mutation: You are resistant to hostile enchantments.
                  | (MR+) [potion of mutation]
  5001 | D:4      | Succumbed to Duvessa's poison

Illustrated notes

Levels and vault maps discovered:
D:1:      dpeg_arrival_tiny_d, layout_loops_cross, serial_forest,
          infiniplex_forest_diagonal, infiniplex_forest_straight_2,
          infiniplex_forest_clump_curved, infiniplex_forest_end_3,
          infiniplex_forest_lined_4_way, infiniplex_forest_fountain
D:2:      layout_rooms, kennysheep_ying_yang, ashenzari_altar_1,
          chequers_ecumenical_altar_simple, st_stairs_1
D:3:      layout_loops_cross, tgw_xom, gup_sewer_entry_bubbles
D:4:      layout_rooms, uniq_menkaure, uniq_duvessa

Skill      XL: |  1  2  3  4  5  6  7 |
---------------+----------------------+-----
Spellcasting   | 3 4 5 6 |  6.2
Transmutations | 2 3 4 5 6 |  6.2
Poison Magic   | 4 5 |  5.5
Dodging        | |  3.0
Stealth        | |  3.0

Action                   |  1- 3 |  4- 6 |  7- 9 || total
-------------------------+-------+-------+-------++-------
Melee: Dagger            |    18 |    19 |       ||    37
       Whip              |       |    24 |       ||    24
 Cast: Sting             |    79 |   126 |     1 ||   206
       Ignite Poison     |       |     2 |     1 ||     3
       Mephitic Cloud    |       |     2 |       ||     2
       Olgreb's Toxic Ra |       |       |     2 ||     2
  Use: Scroll            |     1 |     1 |       ||     2
       Potion            |       |     2 |     2 ||     4
 Stab: Sleeping          |     2 |     2 |       ||     4
Armor: Robe              |     5 |     6 |       ||    11
       Skin              |       |       |     1 ||     1
Dodge: Dodged            |    35 |   102 |     3 ||   140

Table legend: (Time is in decaauts)
 A = Elapsed time spent in this place.
 B = Non-inter-level travel time spent in this place.
 C = Inter-level travel time spent in this place.
 D = Time resting spent in this place.
 E = Time spent auto-exploring this place.
 F = Levels seen in this place.
 G = Mean time per level.
                   A        B        C        D        E       F      G
               +--------+--------+--------+--------+--------+-----+--------+
         Total |   4215 |   4172 |     43 |    599 |   2935 |   4 | 1053.8 |
       Dungeon |   4215 |   4172 |     43 |    599 |   2935 |   4 | 1053.8 |
               +--------+--------+--------+--------+--------+-----+--------+

Top non-repeatable levels by time:
     D:1: 1281 daAuts
     D:3: 1254 daAuts
     D:2: 938 daAuts
     D:4: 741 daAuts
